 Dungeon Crawl Stone Soup version 0.32-a0-18-g89e19f1974 (webtiles) character file.

Game seed: 13636281149588230869

91548 12sPaWn12 the Peltast (level 15, -4/100 HPs)
             Began as a Gargoyle Fighter on Sept 12, 2023.
             Was a High Priest of Zin.
             Slain by a lorocyproca (18 damage)
             ... on level 2 of the Abyss on Jan 16, 2024.
             The game lasted 01:04:20 (23013 turns).

12sPaWn12 the Peltast (Gargoyle Fighter)           Turns: 23013, Time: 01:04:21

Health: -4/100     AC: 37    Str: 33    XL:     15   Next: 70%
Magic:  0/16       EV:  8    Int:  9    God:    Zin [*****.]
Gold:   1004       SH: 18    Dex:  9    Spells: 14/14 levels left

rFire   + . .        m - +2 whip (elec)
rCold   . . .        a - +0 tower shield
rNeg    + + .        q - +3 plate armour {rF+}
rPois   ∞            t - +1 hat
rElec   +            (no cloak)
rCorr   .            c - +0 pair of gloves
SInv    .            o - +2 pair of boots
Will    +....        f - amulet of guardian spirit Stlth
                     i - +6 ring of strength
HPRegen 0.36/turn    n - ring of positive energy
MPRegen 0.15/turn

%: guardian spirit
@: flying
A: sickness immunity, AC +11, big wings, negative energy resistance 1,
electricity resistance, torment resistance 1, petrification resistance
a: Renounce Religion, Recite, Vitalisation, Imprison, Sanctuary, Donate Gold


You were on level 2 of the Abyss.
You worshipped Zin.
Zin was extremely pleased with you.
You visited 3 branches of the dungeon, and saw 19 of its levels.
You visited the Abyss 1 time.
You also visited: Sewer and Volcano.

You collected 1115 gold pieces.
You donated 111 gold pieces to Zin.

Inventory:

Hand Weapons
 d - a +2 whip of flaming
 m - a +2 whip of electrocution (weapon)
Armour
 a - a +0 tower shield (worn)
 c - a +0 pair of gloves (worn)
 o - a +2 pair of boots (worn)
 q - a +3 plate armour of fire resistance (worn)
 t - a +1 hat (worn)
Jewellery
 f - an amulet of guardian spirit (around neck)
 i - a +6 ring of strength (left hand)
 n - a ring of positive energy (right hand)
 s - a ring of see invisible
 w - a ring of ice
Wands
 b - a wand of light (14)
 x - a wand of charming (15)
 z - a wand of roots (4)
 F - a wand of flame (18)
Scrolls
 h - 12 scrolls of identify
 j - a scroll of fog
 k - 2 scrolls of teleportation
 y - 2 scrolls of amnesia
 A - a scroll of enchant armour
 C - 2 scrolls of immolation
 D - a scroll of acquirement
Potions
 e - a potion of might
 g - 3 potions of degeneration
 l - 4 potions of enlightenment
 p - 3 potions of magic
 r - a potion of attraction
 u - 2 potions of brilliance
 v - a potion of heal wounds
 B - a potion of ambrosia
 E - 2 potions of cancellation
 G - a potion of invisibility


   Skills:
 * Level 13.8 Fighting
 * Level 14.3 Maces & Flails
 * Level 15.7 Armour
 * Level 16.6 Shields
 * Level 2.2 Invocations
 * Level 7.9 Evocations


You had 14 spell levels left.
You didn't know any spells.
Your spell library contained the following spells:

 Spells                   Type           Power      Damage    Failure   Level
 Apportation              Tloc           0%         N/A       97%         1
 Freeze                   Ice            0%         1d3       97%         1
 Necrotise                Necr           0%         1d4       97%         1
 Sandblast                Erth           0%         2d4       97%         1
 Summon Small Mammal      Summ           0%         N/A       97%         1
 Passwall                 Erth           0%         N/A       100%        3
 Stone Arrow              Conj/Erth      0%         3d7       100%        3
 Summon Ice Beast         Ice/Summ       0%         N/A       100%        3
 Petrify                  Alch/Erth      0%         N/A       100%        4
 Irradiate                Conj/Alch      0%         3d11      100%        5
 Summon Cactus Giant      Summ           0%         N/A       100%        6
 Summon Hydra             Summ           0%         N/A       100%        7
 Sublimation of Blood     Necr           Unusable   N/A       N/A         2

Dungeon Overview and Level Annotations

Branches:
Dungeon (13/15)            Temple (1/1) D:5            Lair (5/5) D:10
  Swamp (0/4) Lair:2       Spider (0/4) Lair:2        Slime (0/5) Lair:4
    Orc (0/2) D:10          Sewer (visited)         Volcano (visited)
 Vaults: D:13-14

Altars:
Ashenzari
Cheibriados
Dithmenos
Elyvilon
Fedhas
Gozag
Hepliaklqana
Kikubaaqudgha
Makhleb
Nemelex Xobeh
Okawaru
Qazlal
Ru
Sif Muna
Trog
Uskayaw
Vehumet
Wu Jian
Xom
Yredelemnul
Zin
The Shining One

Shops:
D:7 :   D:9 *

Annotations:
D:9 exclusion: orange crystal statue
Temple 2 transporters


Innate Abilities, Weirdness & Mutations

You are immune to sickness and miasma.
Your stone body is resilient. (AC +11)
You are immune to poison.
Your large and strong wings let you fly.
You resist negative energy. (rN+)
You are resistant to electric shocks. (rElec)
You are resistant to unholy torment.
You are immune to petrification.


Message History

No target in view!
No target in view!
No target in view!
No target in view!
No target in view!
No target in view!
No target in view!
No target in view!
No target in view!
No target in view!
No target in view!
No target in view!
No target in view!
No target in view!
No target in view!
No target in view!
There is a strange disturbance nearby!
You hear a chilling moan.
Something hits you but does no damage.
Deactivating autopickup; reactivate with Ctrl-A.
You hit something but do no damage. You hit something but do no damage.
You block something's attack.
You closely miss something. You whack something! Something hits you!
You feel your power leaking away.
You barely miss something. You hit something. Something hits you!!
You closely miss something. Something hits you!
You miss something. You hit something but do no damage. Something hits you!!
You hit something. You whack something! Something hits you but does no damage.
You hit something. You hit something but do no damage. Something hits you!!
* * * LOW HITPOINT WARNING * * *
You hit something. Something hits you!
* * * LOW HITPOINT WARNING * * *
You closely miss something. You hit something. Something hits you!!
You die...

#~ ♣~~ ~.##
... #
##..#. .##
#..#.#
##....#..{#
...#.....@#
#..#..##.#
..#. ...##
. ....#
.#.# ##..
.#.### .. #
## #.
..#°.# #
..## .
....#.#. .°
. # ..
..###.#.#
#... . .
... .
.###.° .


There were no monsters in sight!

Vanquished Creatures
  A tentacled starspawn (Lair:2)
  Josephine (D:10)
  A catoblepas (Lair:2)
  6 hydras
  Erica (D:10)
  2 centaur warriors (D:13)
  A boulder beetle (D:12)
  13 death yaks
  Urug (Lair:4)
  Nergalle (D:11)
  A skyshark (Lair:5)
  A pharaoh ant (Lair:2)
  6 skeletal warriors
  3 lindwurms
  An oklob plant (Lair:1)
  4 cyclopes
  3 ugly things
  An orc sorcerer (Volcano)
  15 elephants
  4 black mambas
  17 cane toads
  A smoke demon (Volcano)
  A torpor snail (Lair:3)
  2 gargoyles
  An unseen horror (D:10)
  2 molten gargoyles (Volcano)
  7 komodo dragons
  A kobold demonologist (D:11)
  3 rime drakes
  3 trolls
  A tyrant leech (Lair:5)
  3 hornets (Lair:5)
  5 polar bears
  A tarantella (Lair:2)
  22 blink frogs
  2 dream sheep (Lair:3)
  A jumping spider (Lair:2)
  2 shadows (D:12)
  A wyvern (Lair:3)
  6 wraiths
  11 humans
  3 basilisks (Lair:5)
  6 fire bats (Volcano)
  49 yaks
  2 steam dragons
  2 redbacks (Lair:2)
  9 vampire mosquitoes
  Menkaure (D:4)
  8 water moccasins
  5 acid dragons
  Pargi (Sewer)
  2 hell hounds (Volcano)
  10 orc warriors
  2 swamp drakes (Lair:5)
  8 ice beasts
  A sky beast (D:6)
  5 black bears
  21 wolves
  4 centaurs
  3 ogres
  2 phantoms
  Blork the orc (D:4)
  14 bullfrogs
  3 kobold brigands
  2 weeping skulls (Abyss:2)
  A scorpion (D:7)
  8 wights
  6 killer bees (D:9)
  15 jellies
  5 howler monkeys
  An electric eel (D:9)
  5 hounds
  6 lava snakes (Volcano)
  4 orc priests
  Crazy Yiuf (D:5)
  2 gnoll boudas
  A sleepcap (D:5)
  13 orc wizards
  3 iguanas
  12 gnolls
  9 adders
  3 shadow imps (D:5)
  7 white imps
  An ufetubus (D:5)
  2 ribbon worms
  3 dart slugs
  46 orcs
  8 endoplasms
  4 giant cockroaches
  7 goblins
  9 hobgoblins
  4 jackals (D:2)
  4 quokkas
  5 ball pythons
  3 bats
  6 frilled lizards
  21 kobolds
  6 rats
555 creatures vanquished.

Vanquished Creatures (others)
  An orc wizard (D:7)
  2 starspawn tentacles (Lair:2)
3 creatures vanquished.

Grand Total: 558 creatures vanquished

Notes
Turn   | Place    | Note
-------+----------+-------------------------------------------
     0 | D:1      | 12sPaWn12 the Gargoyle Fighter began the quest for the Orb.
     0 | D:1      | Reached XP level 1. HP: 14/14 MP: 1/1
   204 | D:1      | Reached XP level 2. HP: 19/19 MP: 2/2
   562 | D:2      | Reached XP level 3. HP: 14/24 MP: 3/3
   661 | D:2      | Found a broken altar of Ashenzari.
   999 | D:2      | Reached XP level 4. HP: 29/29 MP: 4/4
  1273 | D:3      | Identified the +10 flail "Tubaghoz" {drain, rF+ Dex+3}
  1383 | D:3      | Got An Introduction to Hermeneutics
  1387 | D:3      | Found a faded altar of an unknown god.
  1600 | D:3      | Got the Secrets of Summoning
  1920 | D:4      | Reached XP level 5. HP: 32/33 MP: 5/5
  1921 | D:4      | Reached skill level 4 in Shields
  2078 | D:4      | Found a glowing drain.
  2082 | Sewer    | Entered a sewer
  2104 | Sewer    | Noticed Pargi
  2112 | Sewer    | Killed Pargi
  2113 | Sewer    | Reached XP level 6. HP: 29/38 MP: 3/6
  2334 | D:4      | Noticed Blork the orc
  2346 | D:4      | Killed Blork the orc
  2354 | D:4      | Reached skill level 5 in Maces & Flails
  2394 | D:4      | Noticed a black bear
  2403 | D:4      | Killed a black bear
  2404 | D:4      | Reached skill level 5 in Armour
  2404 | D:4      | Reached XP level 7. HP: 29/44 MP: 3/7
  2526 | D:4      | Found Fayhesm's Antique Weapon Shoppe.
  2880 | D:4      | Noticed Menkaure
  2892 | D:4      | Killed Menkaure
  3049 | D:5      | Entered Level 5 of the Dungeon
  3076 | D:5      | Identified the +8 long sword of Death's Door {venom, rCorr}
  3174 | D:5      | Found a runed translucent door.
  3175 | D:5      | Noticed Crazy Yiuf
  3233 | D:5      | Found a staircase to the Ecumenical Temple.
  3266 | Temple   | Found a transporter.
  3266 | Temple   | Found a transporter.
  3266 | Temple   | Found a transporter.
  3266 | Temple   | Found a transporter.
  3266 | Temple   | Entered the Ecumenical Temple
  3317 | D:5      | Reached skill level 5 in Fighting
  3355 | D:5      | Found a hide-covered altar of Uskayaw.
  3394 | D:5      | Reached XP level 8. HP: 49/49 MP: 8/8
  3456 | D:5      | Reached skill level 5 in Shields
  4197 | D:5      | Killed Crazy Yiuf
  4767 | D:6      | Reached XP level 9. HP: 46/55 MP: 6/9
  5005 | D:6      | Found a shimmering blue altar of Sif Muna.
  5006 | D:6      | Found a snail-covered altar of Cheibriados.
  5106 | D:6      | Found a hazy altar of Hepliaklqana.
  5106 | D:6      | Found a shadowy altar of Dithmenos.
  6009 | D:6      | Upgraded the game from 0.31-a0-740-g87205ac768 to
                  | 0.31-a0-743-g45f7035092
  6009 | D:6      | Upgraded the game from 0.31-a0-743-g45f7035092 to
                  | 0.31-a0-750-gfe7b580527
  6155 | D:7      | Reached skill level 6 in Shields
  6248 | D:7      | Found Tuwnemu's Vocational Training.
  7024 | D:8      | Reached skill level 1 in Evocations
  7024 | D:8      | Reached XP level 10. HP: 45/63 MP: 8/10
  7838 | D:8      | Upgraded the game from 0.31-a0-750-gfe7b580527 to
                  | 0.31-a0-765-g67fe2935dc
  7844 | D:8      | Identified a scroll of acquirement
  7844 | D:8      | Acquired a manual of Shields
  7917 | D:9      | Found Huntikh's Assorted Antiques.
  8156 | D:9      | Reached skill level 10 in Maces & Flails
  8235 | D:9      | Reached skill level 7 in Shields
  8857 | D:9      | Noticed an orange crystal statue
  9203 | D:9      | Reached XP level 11. HP: 69/69 MP: 9/11
  9357 | D:10     | Entered Level 10 of the Dungeon
  9419 | D:10     | Noticed Erica
  9425 | D:10     | Noticed Josephine
  9571 | D:10     | Reached skill level 8 in Shields
  9583 | D:10     | Killed Josephine
  9596 | D:10     | Killed Erica
  9597 | D:10     | Reached skill level 10 in Armour
 10064 | D:10     | Found a staircase to the Lair.
 10151 | D:10     | Reached skill level 9 in Shields
 10206 | D:10     | Found a staircase to the Orcish Mines.
 10657 | D:10     | Upgraded the game from 0.31-a0-765-g67fe2935dc to
                  | 0.31-a0-803-g95b03c3367
 10668 | Lair:1   | Entered Level 1 of the Lair of Beasts
 10736 | Lair:1   | Found the +1 robe of Vines {NoPotionHeal Regen++++}
 10738 | Lair:1   | Noticed a four-headed hydra
 10738 | Lair:1   | Noticed an oklob plant
 10757 | Lair:1   | Killed a four-headed hydra
 10841 | Lair:1   | Killed an oklob plant
 10908 | Lair:1   | Noticed a seven-headed hydra
 10932 | Lair:1   | Killed a seven-headed hydra
 10933 | Lair:1   | Reached skill level 10 in Fighting
 10933 | Lair:1   | Reached skill level 10 in Shields
 10933 | Lair:1   | Reached skill level 5 in Evocations
 10933 | Lair:1   | Reached XP level 12. HP: 66/78 MP: 10/12
 10970 | Lair:1   | Reached XP level 13. HP: 67/83 MP: 10/13
 11042 | Lair:1   | Reached skill level 11 in Shields
 12108 | Lair:2   | Found a hole to the Spider Nest.
 12153 | Lair:2   | Identified the +10 spear "Plojy" {pain, Str+5 Int+5 Dex+3}
 12160 | Lair:2   | Found the +9 staff of Olgreb {rPois∞}
 12162 | Lair:2   | Found a staircase to the Swamp.
 13180 | Temple   | Became a worshipper of Zin the Law-Giver
 13180 | Temple   | Reached * piety under Zin
 13180 | Temple   | Reached ** piety under Zin
 13555 | Lair:2   | Reached skill level 12 in Shields
 13701 | Lair:2   | Found a runed translucent door.
 13703 | Lair:2   | Noticed a tentacled starspawn
 13720 | Lair:2   | Killed a tentacled starspawn
 15106 | Lair:3   | Gained mutation: Your large and strong wings let you fly.
                  | [Gargoyle growth]
 15106 | Lair:3   | Reached XP level 14. HP: 83/91 MP: 12/14
 15182 | Lair:3   | Reached skill level 13 in Shields
 15972 | Lair:4   | Noticed Urug
 16149 | Lair:4   | Found a staircase to the Slime Pits.
 16249 | Lair:4   | Killed Urug
 16437 | Lair:4   | Found a dark tunnel.
 16446 | Volcano  | Entered a volcano
 16905 | Volcano  | Found a burning altar of Makhleb.
 16934 | Volcano  | HP: 4/92 [smoke demon/ball of steam (12)]
 17668 | Volcano  | Reached *** piety under Zin
 18657 | Lair:4   | Upgraded the game from 0.31-a0-803-g95b03c3367 to
                  | 0.32-a0-18-g89e19f1974
 18663 | Lair:5   | Entered Level 5 of the Lair of Beasts
 18852 | Lair:5   | Reached skill level 14 in Shields
 19532 | Lair:5   | Reached skill level 15 in Armour
 19576 | Lair:5   | Reached XP level 15. HP: 24/98 MP: 5/15
 19975 | Lair:5   | Reached skill level 15 in Shields
 20405 | Lair:5   | Reached **** piety under Zin
 20593 | Lair:5   | Got an earthy gem with 2115 turns to spare
 21018 | D:11     | Noticed Nergalle
 21027 | D:11     | Killed Nergalle
 21044 | D:11     | Found a shadowy altar of Dithmenos.
 21301 | D:11     | Reached skill level 1 in Invocations
 21989 | D:12     | Found a stormy altar of Qazlal.
 22109 | D:12     | Reached skill level 16 in Shields
 22432 | D:12     | Reached ***** piety under Zin
 22765 | D:13     | Identified the +1 whip of Wistruqa {flame, Fly}
 22961 | Abyss:2  | Cast into level 2 of the Abyss (an occultist)
 23013 | Abyss:2  | Slain by a lorocyproca

Illustrated notes

Levels and vault maps discovered:
D:1:      minmay_arrival_diagonal_passages, layout_rooms, minivault_25
D:2:      layout_basic, basic_altar, wander_ebering_terrifying_dragon_lair
D:3:      layout_loops_cross, nicolae_ecumenical_oubliette
D:4:      layout_basic, serial_shops, shop, gup_sewer_entry_bowl, uniq_menkaure,
          uniq_blork_the_orc
D:5:      layout_loops_corners, mainiacjoe_overflow_catwalk,
          minmay_temple_entry_sparse_star, serial_demonic, serial_demonic_d,
          serial_demonic_g, serial_demonic_f, serial_demonic_f,
          serial_demonic_b, serial_demonic_b, hex_tiny, minmay_crystal_water,
          uniq_crazy_yiuf_cottage
D:6:      layout_rooms, riverfiend_overflow_shadow_ancestor,
          gammafunk_temple_overflow_statue
D:7:      layout_gridville, nicolae_shop_vocational
D:8:      layout_layer_cave, chequers_jeans
D:9:      minmay_skewed_foursquare, layout_basic, serial_shops,
          nicolae_shop_behind_doors, minmay_tree_intersection,
          nicolae_concentric_dashed_squares_mild, minivault_15, kennysheep_dice
D:10:     layout_basic, hellmonk_lair_entry_icy, david_orc_2,
          hangedman_decor_clover_reticule, hangedman_abyss_or_decor_passed,
          abandoned_shop, uniq_erica, uniq_josephine
D:11:     layout_basic, nicolae_dithmenos_through_a_glass_darkly, uniq_nergalle
D:12:     layout_rooms, grunt_qazlal_clouds
D:13:     layout_long_grid, grunt_vaults_entry_tiered, serial_shops,
          nicolae_shop_tiny_real_fake_doors
Temple:   hellmonk_temple_divided_pantheon
Lair:1:   layout_regular_city, hellmonk_guarded_unrand_vines
Lair:2:   layout_layer_cave, swamp_mist, nicolae_spider_entry_lesser_pyramids,
          pdpol_lair_cabin_in_the_woods, serial_bayou_shore_b,
          serial_bayou_shore_a, infiniplex_staircase_pool_2
Lair:3:   layout_loops_ring
Lair:4:   hellmonk_destroyed_diamonds, layout_long_grid,
          minmay_slime_entry_jelly_boxes, nicolae_volcano_entry_vermiform,
          uniq_urug
Lair:5:   wormcave, layout_concentric_octagons, guppyfry_lair_end_dragon,
          st_stairs_13, cheibrodos_lair_lostbears, grunt_megastairs_4
Abyss:2:  base:
Lair:3

Skill      XL: |  1  2  3  4  5  6  7  8  9 10 11 12 13 14 15 |
---------------+----------------------------------------------+-----
Maces & Flails | 3 4 5 6 7 9 10 12 13 14 | 14.3
Fighting       | 4 5 6 7 8 10 11 13 | 13.8
Armour         | 4 5 6 8 9 11 13 15 | 15.7
Shields        | 4 5 6 7 10 12 14 16 | 16.6
Evocations     | 1 2 5 6 7 |  7.9
Invocations    | 2 |  2.2

Action                     |  1- 3 |  4- 6 |  7- 9 | 10-12 | 13-15 || total
---------------------------+-------+-------+-------+-------+-------++-------
  Melee: Flail             |    90 |   147 |       |       |       ||   237
         Whip              |       |    44 |   509 |   613 |  2174 ||  3340
  Evoke: Wand              |       |       |       |     9 |       ||     9
    Use: Scroll            |       |     5 |     3 |     9 |     8 ||    25
         Potion            |       |       |       |    14 |    20 ||    34
 Armour: Scale mail        |    71 |   160 |   266 |       |       ||   497
         Plate armour      |       |       |   166 |   477 |  1228 ||  1871
  Dodge: Dodged            |    29 |    87 |   187 |   149 |   410 ||   862
  Block: Buckler           |    21 |    43 |    83 |    87 |   337 ||   571
         Tower shield      |       |       |       |       |   315 ||   315

Table legend: (Time is in decaauts)
 A = Elapsed time spent in this place.
 B = Non-inter-level travel time spent in this place.
 C = Inter-level travel time spent in this place.
 D = Time resting spent in this place.
 E = Time spent auto-exploring this place.
 F = Levels seen in this place.
 G = Mean time per level.
                   A        B        C        D        E       F      G
               +--------+--------+--------+--------+--------+-----+--------+
         Total |  21777 |  20438 |   1339 |      0 |  15889 |  22 |  989.9 |
       Dungeon |  12510 |  11779 |    731 |      0 |   9320 |  13 |  962.3 |
        Temple |     67 |     10 |     57 |      0 |      0 |   1 |   67.0 |
          Lair |   7621 |   7070 |    551 |      0 |   5422 |   5 | 1524.2 |
         Abyss |     42 |     42 |      0 |      0 |     22 |   1 |   42.0 |
         Sewer |    191 |    191 |      0 |      0 |    122 |   1 |  191.0 |
       Volcano |   1344 |   1344 |      0 |      0 |   1002 |   1 | 1344.0 |
               +--------+--------+--------+--------+--------+-----+--------+

Top non-repeatable levels by time:
  Lair:2: 2130 daAuts
     D:9: 1544 daAuts
  Lair:4: 1496 daAuts
  Lair:5: 1484 daAuts
     D:8: 1470 daAuts
     D:5: 1373 daAuts
 Volcano: 1344 daAuts
    D:10: 1321 daAuts
  Lair:1: 1284 daAuts
  Lair:3: 1224 daAuts
     D:4: 1015 daAuts
     D:7: 1001 daAuts
     D:6: 1001 daAuts
    D:11: 983 daAuts
     D:2: 778 daAuts
